 Dungeon Crawl Stone Soup version 0.24.0-37-gcf1ca852f1 (webtiles) character file.

Game seed: 9004055268095783525, levelgen mode: deterministic

72 Kobolds4U the Magician (level 4, -1/24 HPs)
             Began as a Deep Elf Conjurer on Dec 5, 2019.
             Killed from afar by Sigmund (6 damage)
             ... with a magic dart
             ... on level 2 of the Dungeon.
             The game lasted 00:07:51 (1940 turns).

Kobolds4U the Magician (Deep Elf Conjurer)          Turns: 1940, Time: 00:07:52

Health: -1/24      AC:  4    Str:  6    XL:     4   Next: 6%
Magic:  1/13       EV: 13    Int: 20    God:
Gold:   60         SH:  0    Dex: 15    Spells: 0/13 levels left

rFire    . . .     SeeInvis .   b - +0 short sword
rCold    . . .     Gourm    .   (no shield)
rNeg     . . .     Faith    .   a - +0 robe
rPois    .         Spirit   .   (no helmet)
rElec    .         Reflect  .   h - +1 cloak
rCorr    .         Harm     .   (no gloves)
MR       .....                  (no boots)
Stlth    ++........             (no amulet)
HPRegen  0.08/turn              (no ring)
MPRegen  0.13/turn              (no ring)

@: no status effects
A: no striking features
a: no special abilities


You were on level 2 of the Dungeon.
You were not hungry.

You visited 1 branch of the dungeon, and saw 2 of its levels.

You collected 60 gold pieces.

Inventory:

Hand Weapons
 b - a +0 short sword (weapon)
Missiles
 g - 8 boomerangs (quivered)
Armour
 a - a +0 robe (worn)
 h - a +1 cloak (worn)
Scrolls
 d - a scroll of teleportation {unknown}
 e - a scroll of fog {unknown}
 f - a scroll of remove curse {unknown}
 i - a scroll of enchant weapon {unknown}
 j - a scroll of blinking {unknown}
Comestibles
 c - 4 rations
 k - a chunk of flesh


   Skills:
 + Level 0.2 Short Blades
 - Level 2.4 Dodging
 - Level 2.4 Stealth
 * Level 5.2 Spellcasting
 - Level 5.0 Conjurations


You couldn't memorise any spells.
You knew the following spells:

 Your Spells              Type           Power        Failure   Level  Hunger
a - Magic Dart            Conj           ####         1%          1    None
b - Searing Ray           Conj           ####..       2%          2    None
c - Dazzling Spray        Conj/Hex       ###...       12%         3    ##.....
d - Force Lance           Conj/Tloc      ###.....     38%         4    ####...
e - Spider Form           Tmut/Pois      #.........   34%         3    ##.....

Your spell library contained the following spells:

 Spells                   Type           Power        Failure   Level  Hunger
 Beastly Appendage        Tmut           #.....       12%         1    None
 Iskenderun's Mystic Bla  Conj           ####....     14%         4    ####...
 Sticks to Snakes         Tmut           #.......     17%         2    None
 Fulminant Prism          Conj/Hex       ###.......   38%         4    ####...
 Ice Form                 Ice/Tmut       #.......     75%         4    ####...
 Blade Hands              Tmut           #.........   97%         5    #####..


Dungeon Overview and Level Annotations

Branches:
Dungeon (2/15)

Altars:

Annotations:
D:2 Sigmund


Message History

Press: ? - help, Shift-Dir - straight line, f/p - Sigmund
Aim: Sigmund, wielding a +0 scythe and wearing a +0 robe (almost dead, blind, hasn't noticed you)
The spray of energy hits Sigmund.
Sigmund is almost dead.
Sigmund is dazzled.
Sigmund hits you with a +0 scythe!
Ouch! That really hurt!
* * * LOW HITPOINT WARNING * * *
Casting: Dazzling Spray (safe; 12% risk of failure)
Confirm with . or Enter, or press ? or * to list all spells.
You don't have enough magic to cast that spell.
Casting: Dazzling Spray (safe; 12% risk of failure)
Confirm with . or Enter, or press ? or * to list all spells.
Aiming: Magic Dart (safe; 1% risk of failure)
Press: ? - help, Shift-Dir - straight line, f/p - Sigmund
Aim: Sigmund, wielding a +0 scythe and wearing a +0 robe (almost dead, blind)
The magic dart hits Sigmund but does no damage.
Sigmund is almost dead.
Sigmund points at you and mumbles some strange words.
The magic dart hits you.
You die...

....##.#.#######.#
#.# (...##...# #.#
#.# ....###..##
#.# #.#
##........# #.#
#.# .'......>.#
###.############.#
##........#
#................#
##########
#.#.##############
#.# ## #@# .# #@#
.# #.# .# #.# .#
#.# .# #.# .# #.#
## #.#


You could see Sigmund (blind).

Vanquished Creatures
  An ooze (D:2)
  A dart slug (D:1)
  5 leopard geckos
  A ball python (D:2)
  A giant cockroach (D:1)
  11 goblins
  12 hobgoblins
  2 jackals (D:2)
  5 kobolds
  A quokka (D:2)
  5 bats
  2 frilled lizards (D:1)
  7 rats
54 creatures vanquished.

Notes
Turn   | Place    | Note
-------+----------+-------------------------------------------
     0 | D:1      | Kobolds4U the Deep Elf Conjurer began the quest for the
                  | Orb.
     0 | D:1      | Reached XP level 1. HP: 10/10 MP: 6/6
   141 | D:1      | Reached XP level 2. HP: 15/15 MP: 5/8
   483 | D:1      | Reached XP level 3. HP: 19/19 MP: 7/10
  1435 | D:2      | Reached skill level 5 in Spellcasting
  1435 | D:2      | Reached skill level 5 in Conjurations
  1605 | D:2      | Reached XP level 4. HP: 8/24 MP: 9/13
  1609 | D:2      | Learned a level 2 spell: Searing Ray
  1613 | D:2      | Learned a level 3 spell: Dazzling Spray
  1618 | D:2      | Learned a level 4 spell: Force Lance
  1622 | D:2      | Learned a level 3 spell: Spider Form
  1906 | D:2      | Noticed Sigmund
  1940 | D:2      | Killed from afar by Sigmund

Levels and vault maps discovered:
D:1:      evilmike_arrival_rings, layout_basic, minmay_stone_trees_small,
          minmay_split_cup_small
D:2:      layout_basic, first_ration, xom_teletrap_fun, uniq_sigmund

Skill      XL: |  1  2  3 |
---------------+----------+-----
Spellcasting   | 4 5 |  5.2
Conjurations   | 5 |  5.0
Short Blades   | |  0.2
Dodging        | |  2.4
Stealth        | |  2.4

Action                   |  1- 3 |  4- 6 || total
-------------------------+-------+-------++-------
Melee: Short sword       |    30 |    25 ||    55
 Cast: Magic Dart        |    87 |     6 ||    93
       Dazzling Spray    |       |     5 ||     5
  Eat: Chunk             |     2 |     1 ||     3
Armor: Robe              |     8 |       ||     8
Dodge: Dodged            |    33 |    13 ||    46
